 Dungeon Crawl Stone Soup version 0.23-a0-183-gf37f6fb109 (webtiles) character file.

159 Ablot the Charmwright (level 5, -2/43 HPs)
             Began as a Gnoll Skald on Sept 22, 2018.
             Slain by an ogre
             ... wielding a +0 giant club
              (10 damage)
             ... on level 4 of the Dungeon.
             The game lasted 00:03:27 (2714 turns).

Ablot the Charmwright (Gnoll Skald)                 Turns: 2714, Time: 00:03:28

Health: -2/43      AC:  4    Str: 14    XL:     5   Next: 40%
Magic:  8/12       EV: 14    Int: 15    God:
Gold:   212        SH:  0    Dex: 15    Spells: 3/14 levels left

rFire    + . .     SeeInvis .   v - +4 quarterstaff (chaos)
rCold    x . .     Gourm    .   (shield currently unavailable)
rNeg     . . .     Faith    .   b - +0 leather armour
rPois    .         Spirit   .   (no helmet)
rElec    .         Reflect  .   s - +0 cloak
rCorr    .         Harm     .   (no gloves)
MR       .....                  (no boots)
Stlth    ++........             (no amulet)
HPRegen  0.14/turn              n - ring of fire
MPRegen  0.13/turn              (no ring)

@: shrouded
A: distributed training, fangs 1, strong nose
a: no special abilities


You were on level 4 of the Dungeon.
You were not hungry.

You visited 1 branch of the dungeon, and saw 4 of its levels.

You collected 212 gold pieces.

Inventory:

Hand Weapons
 a - a +0 spear of flaming
 v - a +4 quarterstaff of chaos (weapon)
Missiles
 c - 27 sling bullets
 e - 23 bolts
 f - 158 stones (quivered)
 k - 53 poisoned needles
 C - 23 arrows
Armour
 b - a +0 leather armour (worn)
 s - a +0 cloak (worn)
Jewellery
 n - a ring of fire (left hand)
 A - an uncursed ring of poison resistance {unknown}
Scrolls
 g - 2 scrolls of enchant armour {unknown}
 j - a scroll of magic mapping {unknown}
 l - a scroll of amnesia {unknown}
 m - 2 scrolls of fear {unknown}
 r - a scroll of blinking {unknown}
 t - a scroll of noise {unknown}
 w - a scroll of immolation {unknown}
 x - a scroll of fog {unknown}
 y - a scroll of remove curse {unknown}
 B - a scroll of identify {unknown}
Potions
 h - 3 potions of invisibility {unknown}
 i - a potion of lignification {unknown}
 o - a potion of flight {unknown}
 p - a potion of ambrosia {unknown}
 u - a potion of magic {unknown}
 z - a potion of mutation {unknown}
Comestibles
 d - 7 rations
 q - 5 chunks of flesh


   Skills:
 + Level 4.7 Fighting
 + Level 1.4 Short Blades
 + Level 1.4 Long Blades
 + Level 1.4 Axes
 + Level 1.4 Maces & Flails
 + Level 4.7 Polearms
 + Level 1.4 Staves
 + Level 1.4 Slings
 + Level 1.4 Bows
 + Level 1.4 Crossbows
 + Level 1.4 Throwing
 + Level 2.9 Armour
 + Level 4.7 Dodging
 + Level 1.4 Stealth
 + Level 1.4 Shields
 + Level 1.4 Unarmed Combat
 + Level 5.2 Spellcasting
 + Level 1.1 Conjurations
 + Level 1.1 Hexes
 + Level 5.5 Charms
 + Level 1.1 Summonings
 + Level 1.1 Necromancy
 + Level 1.1 Translocations
 + Level 1.1 Transmutations
 + Level 1.1 Fire Magic
 + Level 1.1 Ice Magic
 + Level 1.1 Air Magic
 + Level 1.1 Earth Magic
 + Level 1.1 Poison Magic
 + Level 1.6 Invocations
 + Level 1.4 Evocations


You had 3 spell levels left.
You knew the following spells:

 Your Spells              Type           Power        Failure   Level  Hunger
a - Infusion              Chrm           ###.         1%          1    None
b - Song of Slaying       Chrm           ###.....     3%          2    ##.....
c - Shroud of Golubria    Chrm/Tloc      ##........   8%          2    ##.....
d - Regeneration          Chrm/Necr      ##........   16%         3    ###....
e - Spectral Weapon       Hex/Chrm       ##......     16%         3    ###....

Your spell library contained the following spells:

 Spells                   Type           Power        Failure   Level  Hunger


Dungeon Overview and Level Annotations

Branches:
Dungeon (4/15)
 Temple: D:4-7

Altars:
Cheibriados
Makhleb


Innate Abilities, Weirdness & Mutations

Your experience applies equally to all skills.
You have very sharp teeth.
Your uncanny sense of smell can sniff out nearby items.


Message History

You are too injured to fight recklessly!
You are too injured to fight recklessly!
You are too injured to fight recklessly!
You are too injured to fight recklessly!
You are too injured to fight recklessly!
You are too injured to fight recklessly!
You are too injured to fight recklessly!
You are too injured to fight recklessly!
You are too injured to fight recklessly!
Unknown command.
Casting: Shroud of Golubria (safe; 8% risk of failure)
Confirm with . or Enter, or press ? or * to list all spells.
You draw out your weapon's spirit!
The ogre misses you.
Unknown command.
You sock the ogre!
The ogre seems to slow down.
You bite the ogre, but do no damage.
The ogre is moderately wounded.
Your spectral weapon hits the ogre.
The ogre is poisoned.
The ogre hits you with a giant club!
You die...

## ∆ .#
#####.#
.....#
....# #.(.#
#O..# #.@.#
#...#
######...#
∆.........#
######..##
#..# #..#
#######..#
.........#


You could see an ogre and a friendly spectral quarterstaff of chaos.

Vanquished Creatures
  Crazy Yiuf (D:2)
  A hound (D:3)
  An adder (D:3)
  2 worms
  3 dart slugs
  3 leopard geckos
  7 orcs
  5 goblins
  7 hobgoblins
  9 jackals
  3 quokkas (D:3)
  A ball python (D:1)
  6 bats
  5 frilled lizards
  9 kobolds
  8 rats
71 creatures vanquished.

Notes
Turn   | Place    | Note
-------+----------+-------------------------------------------
     0 | D:1      | Ablot the Gnoll Skald began the quest for the Orb.
     0 | D:1      | Reached XP level 1. HP: 20/20 MP: 6/6
   151 | D:1      | Reached XP level 2. HP: 26/26 MP: 7/7
   155 | D:1      | Learned a level 2 spell: Song of Slaying
   158 | D:1      | Learned a level 2 spell: Shroud of Golubria
   940 | D:2      | Reached XP level 3. HP: 30/31 MP: 9/9
   945 | D:2      | Learned a level 3 spell: Regeneration
   949 | D:2      | Learned a level 3 spell: Spectral Weapon
   981 | D:2      | Reached skill level 5 in Spellcasting
  1297 | D:2      | Reached skill level 1 in Invocations
  1425 | D:2      | Found a runed door.
  1650 | D:2      | Noticed Crazy Yiuf
  1656 | D:2      | Killed Crazy Yiuf
  1656 | D:2      | Reached skill level 1 in Short Blades
  1656 | D:2      | Reached skill level 1 in Long Blades
  1656 | D:2      | Reached skill level 1 in Axes
  1656 | D:2      | Reached skill level 1 in Maces & Flails
  1656 | D:2      | Reached skill level 1 in Staves
  1656 | D:2      | Reached skill level 1 in Slings
  1656 | D:2      | Reached skill level 1 in Bows
  1656 | D:2      | Reached skill level 1 in Crossbows
  1656 | D:2      | Reached skill level 1 in Throwing
  1656 | D:2      | Reached skill level 1 in Stealth
  1656 | D:2      | Reached skill level 1 in Shields
  1656 | D:2      | Reached skill level 1 in Unarmed Combat
  1656 | D:2      | Reached skill level 1 in Evocations
  1656 | D:2      | Reached XP level 4. HP: 34/38 MP: 1/11
  1883 | D:3      | Reached skill level 1 in Conjurations
  1883 | D:3      | Reached skill level 1 in Hexes
  1883 | D:3      | Reached skill level 1 in Summonings
  1883 | D:3      | Reached skill level 1 in Necromancy
  1883 | D:3      | Reached skill level 1 in Translocations
  1883 | D:3      | Reached skill level 1 in Transmutations
  1883 | D:3      | Reached skill level 1 in Fire Magic
  1883 | D:3      | Reached skill level 1 in Ice Magic
  1883 | D:3      | Reached skill level 1 in Air Magic
  1883 | D:3      | Reached skill level 1 in Earth Magic
  1883 | D:3      | Reached skill level 1 in Poison Magic
  1898 | D:3      | Found a faded altar of an unknown god.
  1947 | D:3      | Found a burning altar of Makhleb.
  1947 | D:3      | Found a snail-covered altar of Cheibriados.
  1950 | D:3      | Reached XP level 5. HP: 42/43 MP: 12/12
  2706 | D:4      | Noticed an ogre
  2714 | D:4      | Slain by an ogre

Vault maps used:
D:1:      nagdon_arrival_double_spiral, chequers_big_river
D:2:      uniq_crazy_yiuf_cottage
D:3:      makhleb_heckhound_becter, chequers_ecumenical_altar_twisty,
          cheibriados_altar_1
D:4:      corexii_shantytown, uniq_eustachio, uniq_blork_the_orc

Skill      XL: |  1  2  3  4 |
---------------+-------------+-----
Spellcasting   | 5 |  5.2
Invocations    | 1 |  1.6
Short Blades   | 1 |  1.4
Long Blades    | 1 |  1.4
Axes           | 1 |  1.4
Maces & Flails | 1 |  1.4
Staves         | 1 |  1.4
Slings         | 1 |  1.4
Bows           | 1 |  1.4
Crossbows      | 1 |  1.4
Throwing       | 1 |  1.4
Stealth        | 1 |  1.4
Shields        | 1 |  1.4
Unarmed Combat | 1 |  1.4
Evocations     | 1 |  1.4
Conjurations   | 1 |  1.1
Hexes          | 1 |  1.1
Summonings     | 1 |  1.1
Necromancy     | 1 |  1.1
Translocations | 1 |  1.1
Transmutations | 1 |  1.1
Fire Magic     | 1 |  1.1
Ice Magic      | 1 |  1.1
Air Magic      | 1 |  1.1
Earth Magic    | 1 |  1.1
Poison Magic   | 1 |  1.1
Fighting       | |  4.7
Polearms       | |  4.7
Armour         | |  2.9
Dodging        | |  4.7
Charms         | |  5.5

Action                   |  1- 3 |  4- 6 || total
-------------------------+-------+-------++-------
Melee: Spear             |   141 |       ||   141
       Bite              |    12 |     9 ||    21
       Quarterstaff      |       |    65 ||    65
 Cast: Shroud of Golubri |     1 |     3 ||     4
       Spectral Weapon   |     1 |     1 ||     2
       Infusion          |     1 |       ||     1
       Regeneration      |       |     1 ||     1
       Song of Slaying   |       |     1 ||     1
 Stab: Sleeping          |     3 |     3 ||     6
  Eat: Chunk             |     3 |     3 ||     6
Armor: Leather armour    |    21 |    16 ||    37
Dodge: Dodged            |    77 |    47 ||   124

Table legend:
 A = Non-vault XP
 B = Vault XP
 C = Vault XP percentage of total XP
 D = Non-vault monster count
 E = Vault monster count
 F = Vault count percentage of total count
                 A         B        C        D         E       F
            +---------+---------+-------+---------+---------+-------
      Total |     146 |      82 |  36.0 |      69 |       2 |   2.8
            +---------+---------+-------+---------+---------+-------
        D:1 |      31 |       0 |   0.0 |      21 |       0 |   0.0
        D:2 |      33 |      42 |  56.0 |      17 |       1 |   5.6
        D:3 |      74 |      40 |  35.1 |      29 |       1 |   3.3
        D:4 |       8 |       0 |   0.0 |       2 |       0 |   0.0
            +---------+---------+-------+---------+---------+-------
